[Event "GER-chW Blitz 2019"]
[Site "Magdeburg"]
[Date "2019.05.25"]
[Round "13.8"]
[White "Braje, Monika"]
[Black "Osmanodja, Filiz"]
[Result "0-1"]
[ECO "B21"]
[WhiteElo "1781"]
[BlackElo "2260"]
[Annotator "NA"]
[PlyCount "136"]
[EventDate "2019.05.25"]
[EventType "tourn"]
[EventCountry "GER"]
[SourceTitle "playchess.com"]
[Source "ChessBase"]
[SourceQuality "1"]
[TimeControl "180+2"]

1. e4 c5 2. d4 cxd4 3. c3 dxc3 4. Nxc3 Nc6 5. Nf3 e6 6. Bc4 a6 7. O-O Nge7 8. a3 Ng6 9. Bg5 Be7 10. Be3 O-O 11. Qe2 b5 12. Ba2 Bb7 13. Rfd1 Qc7 14. Rac1 Nf4 15. Qd2 Ng6 16. Qxd7 Rac8 17. Qxc7 Rxc7 18. Bb6 Rcc8 19. Be3 b4 20. axb4 Nxb4 21. Bb1 Rfd8 22. Bb6 Rxd1+ 23. Rxd1 Bc6 24. Ba5 Nf4 25. g3 Ng6 26. Nd4 Be8 27. Kf1 Nc6 28. Nxc6 Bxc6 29. Ke2 Ne5 30. b3 f6 31. f4 Nf7 32. Bd3 Bb7 33. Bc4 Rc6 34. Rd7 Nd6 35. Bxe6+ Kf8 36. Rxb7 Nxb7 37. Bd5 Rc5 38. Bb4 Rc7 39. Bxe7+ Kxe7 40. Bc4 Rd7 41. Bxa6 Nc5 42. Bc4 Kd8 43. Nd5 Rb7 44. b4 Nxe4 45. Ke3 Nd6 46. Be2 Nf5+ 47. Ke4 Ne7 48. Nxe7 Rxb4+ 49. Kd3 Kxe7 50. Kc3 Re4 51. Bg4 Re1 52. Kd4 Rh1 53. h3 g6 54. Ke3 f5 55. Bf3 Rxh3 56. Kf2 Kf6 57. Kg2 Rh6 58. Be2 g5 59. Bf3 gxf4 60. gxf4 Kg7 61. Kg3 Rb6 62. Bd1 Rb1 63. Bc2 Rb5 64. Kf3 Kf6 65. Kg3 Rc5 66. Bd3 Rc3 67. Kh4 Rxd3 68. Kh5 Rh3# 0-1

[Event "GER-chW Blitz 2019"]
[Site "Magdeburg"]
[Date "2019.05.25"]
[Round "13.9"]
[White "Mader, Lena"]
[Black "Sieber, Fiona"]
[Result "1/2-1/2"]
[ECO "A28"]
[WhiteElo "1839"]
[BlackElo "2250"]
[Annotator "NA"]
[PlyCount "55"]
[EventDate "2019.05.25"]
[EventType "tourn"]
[EventCountry "GER"]
[SourceTitle "playchess.com"]
[Source "ChessBase"]
[SourceQuality "1"]
[TimeControl "180+2"]

1. c4 e5 2. Nc3 Nf6 3. Nf3 Nc6 4. d4 e4 5. Nd2 Nxd4 6. Ndxe4 c5 7. e3 Nxe4 8. Nxe4 Nc6 9. Nd6+ Bxd6 10. Qxd6 Qe7 11. Qg3 O-O 12. Be2 d5 13. cxd5 Nb4 14. O-O Nxd5 15. e4 Qxe4 16. Bf3 Qf5 17. Bh6 Qg6 18. Bxg7 Kxg7 19. Bxd5 Qxg3 20. fxg3 Rb8 21. Rae1 b6 22. Re7 Ba6 23. Rf2 Kg6 24. Bxf7+ Kg5 25. Re5+ Kh6 26. Re6+ Kg7 27. Re7 Kh6 28. Re6+ 1/2-1/2

[Event "GER-chW Blitz 2019"]
[Site "Magdeburg"]
[Date "2019.05.25"]
[Round "13.10"]
[White "Zimmer, Elke"]
[Black "Daemering, Katrin"]
[Result "0-1"]
[ECO "B24"]
[WhiteElo "1926"]
[BlackElo "2003"]
[Annotator "NA"]
[PlyCount "80"]
[EventDate "2019.05.25"]
[EventType "tourn"]
[EventCountry "GER"]
[SourceTitle "playchess.com"]
[Source "ChessBase"]
[SourceQuality "1"]
[TimeControl "180+2"]

1. e4 c5 2. Nc3 Nc6 3. g3 g6 4. Bg2 Bg7 5. d3 e6 6. Be3 Nd4 7. Qd2 d6 8. Nd1 a6 9. c3 Nc6 10. Nf3 Bd7 11. O-O Nf6 12. Bh6 O-O 13. Bxg7 Kxg7 14. Ne3 b5 15. h3 Rc8 16. Ng4 Nxg4 17. hxg4 h6 18. Rae1 Qc7 19. Qe3 Ne7 20. d4 cxd4 21. cxd4 Qb6 22. Re2 Rc4 23. Rd1 Rfc8 24. Red2 Rc2 25. e5 dxe5 26. Qxe5+ f6 27. Qe2 Rxd2 28. Qxd2 Nd5 29. Nh4 Qd6 30. Qd3 Be8 31. Be4 Nb4 32. Qb1 f5 33. gxf5 exf5 34. Bxf5 Rc4 35. Bxg6 Bxg6 36. Nxg6 Qxg6 37. Qxg6+ Kxg6 38. a3 Nd5 39. Kg2 Rc2 40. b4 Ne3+ 0-1

[Event "GER-chW Blitz 2019"]
[Site "Magdeburg"]
[Date "2019.05.25"]
[Round "13.11"]
[White "Kopylov, Luba"]
[Black "Kreismann, Franziska"]
[Result "1-0"]
[ECO "E81"]
[WhiteElo "2078"]
[BlackElo "1589"]
[Annotator "NA"]
[PlyCount "61"]
[EventDate "2019.05.25"]
[EventType "tourn"]
[EventCountry "GER"]
[SourceTitle "playchess.com"]
[Source "ChessBase"]
[SourceQuality "1"]
[TimeControl "180+2"]

1. d4 g6 2. c4 Bg7 3. e4 d6 4. Nc3 Nf6 5. f3 O-O 6. Be3 Re8 7. Qd2 e5 8. Nge2 exd4 9. Nxd4 Bd7 10. g4 Nc6 11. h4 Nxd4 12. Bxd4 c5 13. Be3 Bc6 14. h5 Qc7 15. O-O-O Rad8 16. Bh6 Nd7 17. Bxg7 Kxg7 18. hxg6 fxg6 19. Qh6+ Kf6 20. g5+ Ke5 21. Ne2 Nf8 22. Qh2+ Ke6 23. Nf4+ Ke7 24. Qh6 Rd7 25. Bh3 Kd8 26. Bxd7 Qxd7 27. Nd5 Qf7 28. Qh2 Nd7 29. Qxd6 Bxd5 30. Rxd5 Re7 31. Qb8# 1-0

[Event "GER-chW Blitz 2019"]
[Site "Magdeburg"]
[Date "2019.05.25"]
[Round "13.12"]
[White "Gheng, Simona"]
[Black "Kunze, Kerstin"]
[Result "1-0"]
[ECO "C77"]
[WhiteElo "1991"]
[BlackElo "2066"]
[Annotator "NA"]
[PlyCount "107"]
[EventDate "2019.05.25"]
[EventType "tourn"]
[EventCountry "GER"]
[SourceTitle "playchess.com"]
[Source "ChessBase"]
[SourceQuality "1"]
[TimeControl "180+2"]

1. e4 e5 2. Nf3 Nc6 3. Bb5 a6 4. Ba4 Nf6 5. d3 b5 6. Bb3 Be7 7. O-O O-O 8. c3 d6 9. Nbd2 Na5 10. Bc2 c5 11. Re1 g6 12. Nf1 Nh5 13. Bh6 Re8 14. Qd2 Bg4 15. Qe3 Bxf3 16. Qxf3 Bg5 17. Bxg5 Qxg5 18. g3 Nf6 19. h4 Qg4 20. Bd1 Qxf3 21. Bxf3 Rab8 22. Rac1 b4 23. cxb4 Rxb4 24. b3 Nc6 25. Ne3 Nd4 26. Kg2 h5 27. Nc2 Nxc2 28. Rxc2 Rd4 29. Be2 a5 30. f4 Ra8 31. Rb1 exf4 32. gxf4 Nd7 33. Rc4 Rxc4 34. bxc4 Rb8 35. Rb5 Rxb5 36. cxb5 Kg7 37. Kf3 Kf6 38. Ke3 Ke6 39. f5+ gxf5 40. Bxh5 fxe4 41. dxe4 f5 42. exf5+ Kxf5 43. Be8 Nb6 44. h5 Kg5 45. Bf7 d5 46. Kd3 Kf6 47. Bg8 Nd7 48. Bxd5 Kg5 49. Bc6 Ne5+ 50. Ke4 Nf7 51. b6 Nd6+ 52. Kd5 Nc8 53. b7 Ne7+ 54. Kd6 1-0

[Event "GER-chW Blitz 2019"]
[Site "Magdeburg"]
[Date "2019.05.25"]
[Round "14.1"]
[White "Roesler, Hannah Clara Hed"]
[Black "Kunze, Kerstin"]
[Result "1-0"]
[ECO "C55"]
[WhiteElo "1619"]
[BlackElo "2066"]
[Annotator "NA"]
[PlyCount "122"]
[EventDate "2019.05.25"]
[EventType "tourn"]
[EventCountry "GER"]
[SourceTitle "playchess.com"]
[Source "ChessBase"]
[SourceQuality "1"]
[TimeControl "180+2"]

1. e4 e5 2. Nf3 Nc6 3. Bc4 Nf6 4. d4 Nxe4 5. dxe5 Bc5 6. Bxf7+ Kxf7 7. Qd5+ Ke8 8. Qxe4 Qe7 9. Bg5 Qf7 10. O-O h6 11. Bh4 Rf8 12. Nc3 Qf5 13. Qd5 Bb6 14. Rae1 Qe6 15. Qxe6+ dxe6 16. Rd1 g5 17. Bg3 Ke7 18. h4 g4 19. Nd2 Nd4 20. Nc4 Nxc2 21. Nxb6 axb6 22. Rd2 Nb4 23. Rfd1 Nxa2 24. Ra1 Nxc3 25. Rxa8 Ne4 26. Re2 Nc5 27. Ra1 Rd8 28. Bf4 h5 29. Bg5+ Ke8 30. Bxd8 Kxd8 31. Rd1+ Ke7 32. Red2 b5 33. Rd8 Bd7 34. Rh8 Be8 35. Rh7+ Bf7 36. Rc1 b6 37. b4 Na6 38. Rc6 Kd7 39. Rc1 Ke7 40. Rd1 Nxb4 41. Rb1 c5 42. Kf1 c4 43. Ke2 Nd5 44. Rxb5 c3 45. Rxd5 exd5 46. Kd3 d4 47. Rh6 Be6 48. Rxh5 b5 49. Rh7+ Bf7 50. Rh6 b4 51. Rb6 b3 52. e6 Bxe6 53. h5 Bf5+ 54. Ke2 b2 55. Kd1 b1=Q+ 56. Rxb1 Bxb1 57. Ke2 d3+ 58. Kd1 Ba2 59. Kc1 Bb3 60. f3 d2+ 61. Kb1 d1=Q# 1-0

[Event "GER-chW Blitz 2019"]
[Site "Magdeburg"]
[Date "2019.05.25"]
[Round "14.2"]
[White "Kreismann, Franziska"]
[Black "Gheng, Simona"]
[Result "1/2-1/2"]
[ECO "D37"]
[WhiteElo "1589"]
[BlackElo "1991"]
[Annotator "NA"]
[PlyCount "64"]
[EventDate "2019.05.25"]
[EventType "tourn"]
[EventCountry "GER"]
[SourceTitle "playchess.com"]
[Source "ChessBase"]
[SourceQuality "1"]
[TimeControl "180+2"]

1. d4 d5 2. c4 e6 3. Nc3 Nf6 4. Nf3 b6 5. Bg5 Be7 6. e3 Bb7 7. Bd3 O-O 8. cxd5 exd5 9. O-O h6 10. Bxf6 Bxf6 11. Re1 Nd7 12. Bc2 Rc8 13. Qd3 g6 14. g3 Bg7 15. h4 Nf6 16. Nh2 c5 17. dxc5 bxc5 18. Rad1 c4 19. Qe2 Qb6 20. Bb1 Rfd8 21. Nf3 Ne4 22. Nxe4 dxe4 23. Rxd8+ Rxd8 24. Nd4 Bxd4 25. exd4 Qxd4 26. Bxe4 Bxe4 27. Qxe4 Qxb2 28. Qxc4 Qd2 29. Re2 Qd1+ 30. Kg2 Qd5+ 31. Qxd5 Rxd5 32. Re8+ Kg7 1/2-1/2

[Event "GER-chW Blitz 2019"]
[Site "Magdeburg"]
[Date "2019.05.25"]
[Round "14.3"]
[White "Daemering, Katrin"]
[Black "Kopylov, Luba"]
[Result "0-1"]
[ECO "A05"]
[WhiteElo "2003"]
[BlackElo "2078"]
[Annotator "NA"]
[PlyCount "128"]
[EventDate "2019.05.25"]
[EventType "tourn"]
[EventCountry "GER"]
[SourceTitle "playchess.com"]
[Source "ChessBase"]
[SourceQuality "1"]
[TimeControl "180+2"]

1. Nf3 Nf6 2. g3 d5 3. Bg2 g6 4. d3 Bg7 5. O-O c5 6. Na3 O-O 7. c4 e6 8. Rb1 Nc6 9. b3 a6 10. Bd2 b6 11. Nc2 Ra7 12. a3 b5 13. cxb5 axb5 14. Bc3 d4 15. Bd2 Ne7 16. Bf4 Ned5 17. Bd2 Bb7 18. Ra1 Qa8 19. b4 cxb4 20. axb4 Nc3 21. Bxc3 dxc3 22. Rxa7 Qxa7 23. Ne3 Nd5 24. Nc2 Ra8 25. e4 Ne7 26. Ne3 Nc6 27. Qb3 Qa4 28. Qxa4 Rxa4 29. Rc1 Nxb4 30. Ne1 Ra2 31. Nd1 c2 32. Ne3 Bb2 33. Rxc2 Nxc2 34. N3xc2 Bc3 35. Kf1 b4 36. Ne3 b3 37. Nd1 Bd4 38. Nf3 Bxf2 39. d4 Bxd4 40. Nxd4 Rd2 41. Nxb3 Rxd1+ 42. Ke2 Rb1 43. Nd2 Rb2 44. Ke3 Ba6 45. Nf3 Re2+ 46. Kf4 Rxg2 47. Ne5 f6 48. Nd7 Kf7 49. Nc5 Bc4 50. Ke3 Rxh2 51. Kd4 Bb5 52. Nb3 Rc2 53. Nc5 e5+ 54. Kd5 Bc4+ 55. Kd6 Rd2+ 56. Kc7 Ke7 57. Na4 Rc2 58. Kb6 Kd6 59. Ka5 Bb3 60. Nb6 Kc6 61. Na8 Kc5 62. Ka6 Kc6 63. Ka5 Rc4 64. Nb6 Rxe4 0-1

[Event "GER-chW Blitz 2019"]
[Site "Magdeburg"]
[Date "2019.05.25"]
[Round "14.4"]
[White "Sieber, Fiona"]
[Black "Zimmer, Elke"]
[Result "1-0"]
[ECO "C78"]
[WhiteElo "2250"]
[BlackElo "1926"]
[Annotator "NA"]
[PlyCount "50"]
[EventDate "2019.05.25"]
[EventType "tourn"]
[EventCountry "GER"]
[SourceTitle "playchess.com"]
[Source "ChessBase"]
[SourceQuality "1"]
[TimeControl "180+2"]

1. e4 e5 2. Nf3 Nc6 3. Bb5 Nf6 4. O-O a6 5. Ba4 Bc5 6. d3 d6 7. c3 O-O 8. Nbd2 Bg4 9. h3 Be6 10. Re1 b5 11. Bc2 Ba7 12. Nf1 Qc8 13. d4 exd4 14. cxd4 Re8 15. d5 Bd7 16. dxc6 Bxc6 17. Ng3 Qb7 18. Qe2 b4 19. Be3 Bb5 20. Qd2 Rad8 21. Bxa7 Qxa7 22. Qxb4 Nd7 23. Rad1 Nc5 24. e5 d5 25. Qh4 Ne6 1-0

[Event "GER-chW Blitz 2019"]
[Site "Magdeburg"]
[Date "2019.05.25"]
[Round "14.5"]
[White "Osmanodja, Filiz"]
[Black "Mader, Lena"]
[Result "1-0"]
[ECO "B12"]
[WhiteElo "2260"]
[BlackElo "1839"]
[Annotator "NA"]
[PlyCount "87"]
[EventDate "2019.05.25"]
[EventType "tourn"]
[EventCountry "GER"]
[SourceTitle "playchess.com"]
[Source "ChessBase"]
[SourceQuality "1"]
[TimeControl "180+2"]

1. e4 c6 2. d4 d5 3. e5 Bf5 4. Nd2 e6 5. Nb3 Ne7 6. Nf3 a5 7. a4 Na6 8. Bd2 Qc7 9. Bxa5 b6 10. Bd2 c5 11. Bb5+ Nc6 12. dxc5 bxc5 13. Na5 Nab8 14. Nxc6 Nxc6 15. O-O Be7 16. b4 O-O 17. Bxc6 Qxc6 18. b5 Qb7 19. Qb1 c4 20. a5 Bc5 21. Be3 Bxe3 22. fxe3 Be4 23. Nd4 Qe7 24. Qe1 Qc5 25. c3 Bd3 26. Rf4 Be4 27. Qg3 Qe7 28. Rg4 Bg6 29. h4 h5 30. Rg5 Qc7 31. b6 Qd7 32. a6 Qd8 33. b7 Rb8 34. a7 Rxb7 35. a8=Q Qxa8 36. Rxa8 Rxa8 37. Nxe6 Ra1+ 38. Kh2 Rbb1 39. Qf2 Rh1+ 40. Kg3 Rhf1 41. Qb2 Be4 42. Qb8+ Kh7 43. Rxg7+ Kh6 44. Qh8+ 1-0

[Event "GER-chW Blitz 2019"]
[Site "Magdeburg"]
[Date "2019.05.25"]
[Round "14.6"]
[White "Michna, Marta"]
[Black "Braje, Monika"]
[Result "1-0"]
[ECO "A06"]
[WhiteElo "2355"]
[BlackElo "1781"]
[Annotator "NA"]
[PlyCount "85"]
[EventDate "2019.05.25"]
[EventType "tourn"]
[EventCountry "GER"]
[SourceTitle "playchess.com"]
[Source "ChessBase"]
[SourceQuality "1"]
[TimeControl "180+2"]

1. Nf3 d5 2. g3 Nf6 3. Bg2 e6 4. O-O Be7 5. d3 O-O 6. Nbd2 c5 7. e4 d4 8. a4 Nc6 9. Nc4 Rb8 10. Bd2 a6 11. a5 Nd7 12. h3 b5 13. axb6 Nxb6 14. Nxb6 Qxb6 15. b3 Qd8 16. Ne1 Bb7 17. f4 Qc7 18. Kh2 Rfd8 19. h4 e5 20. f5 f6 21. g4 Rf8 22. Bf3 Bc8 23. Qe2 Nb4 24. Bc1 Bd7 25. Rg1 Bb5 26. Qg2 Rb7 27. g5 fxg5 28. hxg5 Bd8 29. Bd1 Qf7 30. Qh3 Bd7 31. Nf3 Bc7 32. g6 hxg6 33. fxg6 Bxh3 34. gxf7+ Rxf7 35. Kxh3 Rb6 36. Rg3 Kf8 37. Bd2 Nc6 38. Be2 Ne7 39. Rag1 g6 40. Kg2 Rh7 41. Ba5 Rb7 42. Bxc7 Rxc7 43. Ng5 1-0

[Event "GER-chW Blitz 2019"]
[Site "Magdeburg"]
[Date "2019.05.25"]
[Round "14.7"]
[White "Muetsch, Annmarie"]
[Black "Schulze, Lara"]
[Result "1/2-1/2"]
[ECO "C07"]
[WhiteElo "2266"]
[BlackElo "2160"]
[Annotator "NA"]
[PlyCount "113"]
[EventDate "2019.05.25"]
[EventType "tourn"]
[EventCountry "GER"]
[SourceTitle "playchess.com"]
[Source "ChessBase"]
[SourceQuality "1"]
[TimeControl "180+2"]

1. e4 e6 2. d4 d5 3. Nd2 c5 4. exd5 Qxd5 5. dxc5 Nf6 6. Ngf3 Qxc5 7. Bd3 Nbd7 8. O-O Qc7 9. Qe2 Be7 10. c3 O-O 11. Nb3 Nc5 12. Nxc5 Qxc5 13. h3 b6 14. Be3 Qh5 15. Bf4 Bb7 16. Ne5 Qxe2 17. Bxe2 Rfd8 18. Rfd1 Kf8 19. Bf3 Bxf3 20. Nxf3 Ne4 21. Kf1 Bc5 22. Be3 Bxe3 23. fxe3 Ke7 24. Ke2 f6 25. Nd4 Rac8 26. g4 h5 27. a4 hxg4 28. hxg4 Rh8 29. Nf3 a5 30. Rd4 Nc5 31. Rad1 Rhd8 32. Rc4 Rxd1 33. Kxd1 Rd8+ 34. Kc2 Kd6 35. Rd4+ Kc7 36. b3 Rxd4 37. cxd4 Ne4 38. Ng1 Nf2 39. Ne2 Nxg4 40. Nf4 Kd6 41. Kd3 Nf2+ 42. Ke2 Ne4 43. Kd3 g5 44. Kxe4 gxf4 45. Kxf4 Kd5 46. Kf3 e5 47. dxe5 Kxe5 48. e4 f5 49. exf5 Kxf5 50. Ke3 Ke5 51. Kd3 Kd5 52. Kc3 Kc5 53. Kc2 Kb4 54. Kb2 Kc5 55. Kc3 Kd5 56. Kd3 Kc5 57. Ke4 1/2-1/2

[Event "GER-chW Blitz 2019"]
[Site "Magdeburg"]
[Date "2019.05.25"]
[Round "14.8"]
[White "Siegl, Melina"]
[Black "Kushka, Alena"]
[Result "0-1"]
[ECO "B30"]
[WhiteElo "2029"]
[BlackElo "2148"]
[Annotator "NA"]
[PlyCount "74"]
[EventDate "2019.05.25"]
[EventType "tourn"]
[EventCountry "GER"]
[SourceTitle "playchess.com"]
[Source "ChessBase"]
[SourceQuality "1"]
[TimeControl "180+2"]

1. e4 c5 2. Nf3 Nc6 3. d3 g6 4. g3 Bg7 5. Bg2 e6 6. c3 d5 7. Nbd2 Nge7 8. O-O O-O 9. Re1 Qc7 10. Nf1 b6 11. h4 dxe4 12. dxe4 Rd8 13. Qe2 a5 14. Ng5 Ne5 15. Bf4 Ba6 16. Qe3 Qd7 17. Rad1 Qb5 18. b3 c4 19. b4 axb4 20. Rb1 Nd3 21. Re2 e5 22. cxb4 exf4 23. gxf4 h6 24. Nf3 Rac8 25. Ng3 c3 26. Rc2 Qa4 27. Qe2 Nxb4 28. Rxb4 Qxb4 29. Qxa6 Qb1+ 30. Kh2 Qxc2 31. e5 Qxf2 32. Qb7 Qc5 33. Ne4 Qc7 34. Qa6 c2 35. Nd6 c1=Q 36. Nxc8 Rxc8 37. Qd3 Qxf4+ 0-1

[Event "GER-chW Blitz 2019"]
[Site "Magdeburg"]
[Date "2019.05.25"]
[Round "14.9"]
[White "Hofmann, Karina"]
[Black "Ries, Jutta"]
[Result "0-1"]
[ECO "A02"]
[WhiteElo "1700"]
[BlackElo "2017"]
[Annotator "NA"]
[PlyCount "64"]
[EventDate "2019.05.25"]
[EventType "tourn"]
[EventCountry "GER"]
[SourceTitle "playchess.com"]
[Source "ChessBase"]
[SourceQuality "1"]
[TimeControl "180+2"]

1. f4 Nc6 2. Nf3 d6 3. e3 e5 4. Bb5 Bg4 5. fxe5 dxe5 6. h3 Bd7 7. O-O Bd6 8. e4 Qe7 9. d3 O-O-O 10. Nc3 f6 11. Nd5 Qe6 12. c4 a6 13. Bxc6 Bxc6 14. b4 Ne7 15. c5 Bxc5+ 16. bxc5 Bxd5 17. exd5 Nxd5 18. Re1 Qc6 19. Ba3 Nf4 20. d4 Rxd4 21. Qc2 Nxh3+ 22. Kh1 Rf4 23. Re3 Rd8 24. gxh3 Rxf3 25. Rxf3 Qxf3+ 26. Qg2 Qxa3 27. Rb1 c6 28. h4 Qxc5 29. a4 Rd4 30. a5 Rxh4+ 31. Qh2 Rxh2+ 32. Kxh2 Qc2+ 0-1

[Event "GER-chW Blitz 2019"]
[Site "Magdeburg"]
[Date "2019.05.25"]
[Round "14.10"]
[White "Birkholz, Olga"]
[Black "Lubbe, Melanie"]
[Result "0-1"]
[ECO "B20"]
[WhiteElo "2031"]
[BlackElo "2278"]
[Annotator "NA"]
[PlyCount "96"]
[EventDate "2019.05.25"]
[EventType "tourn"]
[EventCountry "GER"]
[SourceTitle "playchess.com"]
[Source "ChessBase"]
[SourceQuality "1"]
[TimeControl "180+2"]

1. e4 c5 2. b3 d6 3. Bb2 e5 4. Ne2 Nf6 5. d3 Be7 6. g3 O-O 7. Bg2 Nc6 8. f4 Nd4 9. Nxd4 cxd4 10. O-O Ng4 11. Bc1 Rb8 12. Qe2 Qc7 13. h3 Ne3 14. Bxe3 dxe3 15. c4 exf4 16. gxf4 Bf6 17. Na3 Bxa1 18. Rxa1 Qa5 19. Nc2 Qc3 20. Rf1 Bd7 21. Nxe3 b5 22. Kh2 bxc4 23. dxc4 Bc6 24. Ng4 Rfe8 25. Rf3 Qc1 26. Re3 Re7 27. f5 f6 28. Nf2 Rbe8 29. Qd3 Qb2 30. Qxd6 Qxf2 31. Qxc6 Qxe3 32. Qd5+ Kh8 33. c5 h5 34. Qd1 Qg5 35. c6 h4 36. Qd6 Qg3+ 37. Qxg3 hxg3+ 38. Kxg3 Rc7 39. e5 Rxe5 40. b4 a5 41. Kf4 axb4 42. h4 Ra5 43. Be4 Rxa2 44. Ke3 b3 45. Kd3 b2 46. Kc2 Ra4 47. Bf3 Rb4 48. Kb1 Ra7 0-1

[Event "GER-chW Blitz 2019"]
[Site "Magdeburg"]
[Date "2019.05.25"]
[Round "14.11"]
[White "Rath, Alina"]
[Black "Fuchs, Judith"]
[Result "0-1"]
[ECO "A25"]
[WhiteElo "2042"]
[BlackElo "2218"]
[Annotator "NA"]
[PlyCount "142"]
[EventDate "2019.05.25"]
[EventType "tourn"]
[EventCountry "GER"]
[SourceTitle "playchess.com"]
[Source "ChessBase"]
[SourceQuality "1"]
[TimeControl "180+2"]

1. c4 e5 2. Nc3 Nc6 3. g3 Bc5 4. Bg2 f5 5. e3 Nf6 6. Nge2 O-O 7. O-O e4 8. d4 exd3 9. Qxd3 d6 10. b3 Qe8 11. Bb2 Ne5 12. Qd1 Qh5 13. Nf4 Qh6 14. Ncd5 Nxd5 15. Qxd5+ Kh8 16. Bxe5 c6 17. Bxg7+ Qxg7 18. Qd3 Bd7 19. Rac1 Rae8 20. Qc3 Qxc3 21. Rxc3 Rf6 22. Rd1 Bc8 23. Rcd3 a5 24. Ne2 Be6 25. Nc3 Bf7 26. Na4 Bb4 27. Nc3 Bh5 28. Ra1 Bg6 29. a3 f4 30. e4 Bxc3 31. Rxc3 Bxe4 32. Re1 Bg6 33. Rxe8+ Bxe8 34. gxf4 Rxf4 35. Re3 Bf7 36. Bf1 a4 37. bxa4 Bxc4 38. Re8+ Kg7 39. Bxc4 Rxc4 40. Re7+ Kg6 41. Rxb7 Rxa4 42. Rb6 Rc4 43. a4 Kf5 44. a5 Ke5 45. a6 c5 46. a7 Ra4 47. Rb7 c4 48. Kf1 Kd4 49. Rxh7 d5 50. Ke2 Ra2+ 51. Kf3 Kd3 52. Rd7 d4 53. h4 c3 54. Rc7 c2 55. h5 Rxa7 56. Rxa7 c1=Q 57. Re7 Qd1+ 58. Kg3 Qxh5 59. Ra7 Qe5+ 60. Kg2 Qe4+ 61. Kg3 Qg6+ 62. Kf3 Qc6+ 63. Kg3 Qc5 64. Ra1 Ke4 65. Re1+ Kf5 66. Rh1 Qc3+ 67. Kg2 d3 68. Rh3 Qc6+ 69. Kh2 Qd6+ 70. Kg2 d2 71. Rf3+ Ke5 0-1

[Event "GER-chW Blitz 2019"]
[Site "Magdeburg"]
[Date "2019.05.25"]
[Round "14.12"]
[White "Silz, Elisa"]
[Black "Kotyk, Valeriya"]
[Result "1/2-1/2"]
[ECO "D37"]
[WhiteElo "1977"]
[BlackElo "1739"]
[Annotator "NA"]
[PlyCount "80"]
[EventDate "2019.05.25"]
[EventType "tourn"]
[EventCountry "GER"]
[SourceTitle "playchess.com"]
[Source "ChessBase"]
[SourceQuality "1"]
[TimeControl "180+2"]

1. d4 Nf6 2. Nf3 d5 3. c4 e6 4. Nc3 dxc4 5. e3 Be7 6. Bxc4 O-O 7. O-O a6 8. a4 b6 9. e4 Bb7 10. e5 Nd5 11. Nxd5 Bxd5 12. Bd3 c5 13. Be3 Nd7 14. Rc1 Qb8 15. Qc2 g6 16. Bh6 Rc8 17. Qe2 cxd4 18. Nxd4 Qxe5 19. Qxe5 Nxe5 20. Be2 Bc5 21. Rcd1 Nc4 22. Bxc4 Bxc4 23. Rfe1 Bxd4 24. Rxd4 Bd5 25. Rd2 Rc7 26. h3 Rac8 27. Be3 b5 28. axb5 axb5 29. b4 Rc2 30. Red1 Rxd2 31. Rxd2 Rc1+ 32. Kh2 Rc4 33. Bc5 Kg7 34. Rd1 Re4 35. Ra1 Bc4 36. Ra7 Re2 37. Kg3 Rd2 38. Ra8 h5 39. Bf8+ Kf6 40. Bc5 Bd5 1/2-1/2

[Event "GER-chW Blitz 2019"]
[Site "Magdeburg"]
[Date "2019.05.25"]
[Round "15.1"]
[White "Kotyk, Valeriya"]
[Black "Roesler, Hannah Clara Hed"]
[Result "1-0"]
[ECO "A45"]
[WhiteElo "1739"]
[BlackElo "1619"]
[Annotator "NA"]
[PlyCount "57"]
[EventDate "2019.05.25"]
[EventType "tourn"]
[EventCountry "GER"]
[SourceTitle "playchess.com"]
[Source "ChessBase"]
[SourceQuality "1"]
[TimeControl "180+2"]

1. d4 Nf6 2. Bg5 Ne4 3. Bf4 e6 4. Nd2 Nxd2 5. Qxd2 d5 6. e3 c5 7. a3 Nc6 8. Nf3 Be7 9. dxc5 Bxc5 10. b4 Bb6 11. Rd1 O-O 12. c4 dxc4 13. Qxd8 Rxd8 14. Rxd8+ Bxd8 15. Bxc4 b6 16. Ke2 Bb7 17. Rd1 Bf6 18. Rd7 Bc8 19. Rc7 Nd8 20. Ne5 Bxe5 21. Bxe5 f6 22. Bb2 Kh8 23. f4 e5 24. h3 Ne6 25. Re7 Nf8 26. fxe5 f5 27. e6 Bb7 28. Bxg7+ Kg8 29. Rxb7 1-0

[Event "GER-chW Blitz 2019"]
[Site "Magdeburg"]
[Date "2019.05.25"]
[Round "15.2"]
[White "Fuchs, Judith"]
[Black "Silz, Elisa"]
[Result "1-0"]
[ECO "A45"]
[WhiteElo "2218"]
[BlackElo "1977"]
[Annotator "NA"]
[PlyCount "133"]
[EventDate "2019.05.25"]
[EventType "tourn"]
[EventCountry "GER"]
[SourceTitle "playchess.com"]
[Source "ChessBase"]
[SourceQuality "1"]
[TimeControl "180+2"]

1. d4 Nf6 2. Bf4 g6 3. Nc3 Bg7 4. e4 d6 5. Qd2 O-O 6. Bh6 e5 7. Bxg7 Kxg7 8. Nf3 exd4 9. Nxd4 Re8 10. f3 d5 11. O-O-O c6 12. exd5 cxd5 13. h4 h5 14. Bb5 Bd7 15. Be2 Nc6 16. Kb1 Qb6 17. Nb3 Be6 18. Na4 Qb4 19. Nac5 Qxd2 20. Rxd2 b6 21. Nd3 Rac8 22. Nf4 Bf5 23. Ba6 Rc7 24. Bb5 Re3 25. Bxc6 Rxc6 26. Nd4 Rc5 27. Nxf5+ gxf5 28. Rhd1 Rc4 29. Nxd5 Nxd5 30. Rxd5 Re2 31. c3 Rxg2 32. Rxf5 Rxh4 33. a4 Rhh2 34. Rb5 h4 35. Rd4 h3 36. Rh4 Rh1+ 37. Ka2 h2 38. Rbh5 a5 39. Rh7+ Kf6 40. R7h6+ Kg7 41. Rh7+ Kf6 42. R7h6+ Kg7 43. R6h5 Rf2 44. Rh7+ Kf6 45. R7h6+ Kg7 46. Rh3 f5 47. Rh7+ Kf6 48. R7h6+ Ke5 49. Kb3 Kf4 50. R6h4+ Ke3 51. f4+ Ke4 52. Kc4 Rxf4 53. Rh8 Rf2 54. Re8+ Kf4 55. Reh8 Rxb2 56. R8h4+ Kg5 57. Rh5+ Kf6 58. Kd5 Rd1+ 59. Kc6 h1=Q+ 60. Rxh1 Rxh1 61. Rxh1 Rb3 62. Rh3 Ke5 63. Rd3 f4 64. Rd8 f3 65. Rf8 Ke4 66. Re8+ {[%emt 0:00:00] Ke3 [%clk 0:01:04] Rf8 [%clk 0:00:26] Ke2 [%clk 0:01:05] Re8+ [%clk 0:00:27] Kf1 [%clk 0:01:06] Rf8 [%clk 0:00:28] f2 c4 [%clk 0:00:29] Rb2 [%clk 0:01:05] Kb7 [%clk 0:00:28] Ke1 [%clk 0:01:06] Re8+ [%clk 0:00:29] Re2 [%clk 0:01:07] Rf8 [%clk 0:00:30] Re7+ [%clk 0:01:07] Kxb6 [%clk 0:00:31] f1=Q [%clk 0:01:07] Rxf1+ [%clk 0:00:32] Kxf1 [%clk 0:01:08] c5 [%clk 0:00:31] Ke2 [%clk 0:01:09] c6 [%clk 0:00:33]} Kd3 {[%emt 0:00:00] Kxa5 [%clk 0:00:32] Kc4 [%clk 0:01:10] Kb6 [%clk 0:00:33] Kb4 [%clk 0:01:09] a5 [%clk 0:00:34] Rg7 [%clk 0:01:07] a6 [%clk 0:00:36] Kc4 [%clk 0:01:05] a7 [%clk 0:00:36]} 67. Rg8 {[%emt 0:00:00] Kb7 [%clk 0:00:37] Kc5 [%clk 0:01:05] c7 [%clk 0:00:38] Ra8 [%clk 0:01:04] Kxa8 [%clk 0:00:38] Kc6 [%clk 0:01:05] Kb8 [%clk 0:00:39] Kd7 [%clk 0:01:06] c8=Q+} 1-0

[Event "GER-chW Blitz 2019"]
[Site "Magdeburg"]
[Date "2019.05.25"]
[Round "15.3"]
[White "Lubbe, Melanie"]
[Black "Rath, Alina"]
[Result "0-1"]
[ECO "D00"]
[WhiteElo "2278"]
[BlackElo "2042"]
[Annotator "NA"]
[PlyCount "132"]
[EventDate "2019.05.25"]
[EventType "tourn"]
[EventCountry "GER"]
[SourceTitle "playchess.com"]
[Source "ChessBase"]
[SourceQuality "1"]
[TimeControl "180+2"]

1. d4 d5 2. Nc3 e6 3. Bf4 c5 4. e3 a6 5. Nf3 Nc6 6. h3 Nf6 7. Be2 Bd6 8. Ne5 Qc7 9. Nxc6 Bxf4 10. exf4 bxc6 11. Qd2 cxd4 12. Qxd4 c5 13. Qe5 Qxe5 14. fxe5 Nd7 15. f4 O-O 16. Na4 Bb7 17. O-O Rac8 18. c4 Bc6 19. Nc3 d4 20. Nd1 Rfd8 21. Nf2 Nb6 22. b3 a5 23. Nd3 Be4 24. Rad1 Rc7 25. Bf3 Bxd3 26. Rxd3 Ra7 27. Be4 g6 28. g4 Kg7 29. f5 exf5 30. gxf5 Re8 31. fxg6 fxg6 32. Rf6 Nd7 33. Rd6 Nxe5 34. Rd1 Nf7 35. Rc6 Rxe4 36. Rxc5 Rf4 37. Rd5 Nh6 38. c5 Nf5 39. c6 Kf6 40. Rc5 Rc7 41. Rd2 Ne7 42. Rdc2 Rf5 43. R5c4 d3 44. Rd2 Rxc6 45. Rxd3 Rxc4 46. bxc4 Rc5 47. Rd4 Nf5 48. Rd5 Rxd5 49. cxd5 Ke5 50. Kf2 Kxd5 51. Kf3 Ke5 52. Kg4 Kf6 53. Kf4 Nd6 54. Kg4 h6 55. Kf4 g5+ 56. Kg4 Kg6 57. Kf3 Kf5 58. Kg3 h5 59. Kf3 g4+ 60. hxg4+ hxg4+ 61. Kf2 Kf4 62. Kg2 g3 63. Kg1 Kf3 64. Kf1 Ne4 65. a4 Nc3 66. Kg1 Nxa4 0-1